Map: Frost LE

Players

Miszu

  • Race: Terran Terran
  • League: Master

BlackWizard - Winner!

  • Race: Protoss Protoss
  • League: Master

VOD

Have the link to the VOD?

Description

Time

  • Played on: July 4, 2016, 6:37 p.m.
  • Length: 10:47
Show
View Real Time Build Order
Export as new Build Order

Miszu Terran 

Build Orders: Hellion Opening, Reaper Expand 

Get SALT Encoding   

  12  0:02  SCV  
  13  0:14  SCV  
  13  0:20  Supply Depot  
  14  0:26  SCV  
  15  0:42  SCV  
  16  0:44  Barracks  
  16  0:45  Refinery  
  16  0:54  SCV  
  17  1:06  SCV  
  18  1:19  SCV  
  19  1:31  Orbital Command  
  19  1:32  Reaper  
  20  1:43  Command Center  
  20  1:54  Supply Depot  
  20  1:59  SCV  
  21  2:03  Marine  
  22  2:14  SCV  
  23  2:17  Factory  
  23  2:21  Refinery  
  23  2:26  Barracks Reactor, SCV  
  24  2:38  SCV  
  25  2:57  SCV  
  26  3:00  Factory  
  25  3:10  Hellion x2  
  25  3:11  Factory  
  29  3:15  SCV  
  29  3:16  Orbital Command  
  30  3:21  Barracks Tech Lab  
  30  3:27  SCV  
  30  3:31  Hellion  
  30  3:32  Hellion  
  35  3:40  SCV  
  36  3:42  SCV  
  37  3:52  SCV  
  37  3:54  Hellion x2, SCV  
  37  3:55  Hellion  
  45  3:59  Infernal Pre-Igniter  
  45  4:04  SCV  
  46  4:11  SCV  
  45  4:18  Supply Depot, Hellion  
  45  4:20  SCV  
  45  4:24  Hellion, Cyclone, SCV  
  53  4:32  SCV  
  54  4:40  Hellion x2  
  54  4:41  SCV  
  54  4:42  Supply Depot  
  54  4:44  SCV  
  62  4:45  Hellion  
  60  4:53  SCV  
  60  4:56  SCV  
  58  5:00  Cyclone  
  58  5:05  Supply Depot, SCV  
  63  5:08  SCV  
  64  5:14  Hellion  
  64  5:15  Hellion  
  64  5:16  Hellion  
  64  5:17  SCV  
  64  5:20  SCV  
  72  5:28  Supply Depot  
  72  5:29  SCV  
  72  5:31  Armory  
  72  5:32  SCV  
  72  5:33  Engineering Bay  
  72  5:34  Cyclone  
  78  5:36  Hellion  
  78  5:41  SCV  
  73  5:57  SCV x2  
  73  6:00  Hellion  
  73  6:03  Command Center  
  77  6:09  Hellion x2, SCV x2  
  83  6:35  Hellion x2  
  83  6:36  Hellion, Cyclone  
  83  6:37  SCV  
  83  6:39  Refinery  
  94  6:40  Refinery  
  94  6:44  Supply Depot x3  
  94  6:50  Starport, Terran Vehicle Weapons Level 1  
  94  7:03  Barracks Reactor  
  94  7:05  SCV x2  
  94  7:06  Hellion x3  
  102  7:17  SCV x3  
  105  7:26  Hellion  
  105  7:27  Hellion  
  105  7:29  Hellion  
  112  7:30  SCV  
  112  7:35  Hellion  
  112  7:37  Supply Depot, SCV  
  115  7:40  Orbital Command  
  115  7:43  Mag-Field Accelerator  
  115  7:45  SCV  
  115  7:49  SCV  
  117  7:57  SCV  
  116  8:02  Cyclone  
  118  8:10  Hellion  
  118  8:11  Hellion x2  
  94  8:24  Liberator x2  
  92  8:34  Cyclone  
  92  8:39  Hellion  
  92  8:40  Hellion x2  
  98  8:47  Refinery  
  104  8:48  Supply Depot, Refinery  
  104  8:49  Supply Depot  
  104  8:51  Factory  
  104  8:52  Factory  
  104  8:54  Barracks Reactor  
  104  9:01  Hellion x2  
  108  9:04  SCV x3  
  108  9:06  Siege Tank  
  114  9:16  SCV  
  115  9:20  Factory Tech Lab, Orbital Command  
  115  9:22  Hellion  
  116  9:38  Hellion, Siege Tank  
  118  9:43  Siege Tank  
  114  9:53  Hellion  
  114  9:59  Hellion  
  112  10:06  Factory Tech Lab  
  112  10:10  Siege Tank  
  117  10:32  SCV  
Show
View Real Time Build Order
Export as new Build Order

BlackWizard Protoss - Winner!

Build Orders: 1 Gate Expand 

Get SALT Encoding   

  12  0:01  Probe (Chrono Boost)  
  13  0:11  Probe (Chrono Boost)  
  14  0:17  Pylon  
  14  0:22  Probe (Chrono Boost)  
  16  0:36  Probe (Chrono Boost)  
  16  0:38  Gateway  
  16  0:46  Probe (Chrono Boost)  
  16  0:48  Assimilator  
  17  0:57  Probe (Chrono Boost)  
  18  1:07  Probe (Chrono Boost)  
  19  1:18  Probe (Chrono Boost)  
  20  1:28  Probe (Chrono Boost)  
  21  1:34  Nexus  
  21  1:44  Cybernetics Core  
  21  1:49  Assimilator  
  21  1:56  Probe (Chrono Boost)  
  22  2:01  Pylon  
  22  2:06  Probe (Chrono Boost)  
  22  2:20  Adept, Mothership Core (Chrono Boost)  
  22  2:21  Warp Gate  
  26  2:36  Robotics Facility  
  26  2:38  Probe (Chrono Boost)  
  27  2:47  Adept, Probe (Chrono Boost)  
  30  2:54  Probe (Chrono Boost)  
  31  3:05  Probe x2 (Chrono Boost)  
  33  3:14  Adept  
  33  3:16  Probe x2 (Chrono Boost)  
  37  3:25  Probe (Chrono Boost)  
  37  3:26  Probe (Chrono Boost)  
  39  3:27  Warp Prism (Chrono Boost)  
  41  3:35  Probe  
  41  3:38  Pylon, Probe  
  43  3:50  Robotics Bay  
  43  3:51  Probe  
  43  3:52  Probe  
  45  3:59  Observer (Chrono Boost)  
  46  4:03  Probe  
  46  4:07  Probe  
  46  4:15  Probe  
  46  4:17  Probe  
  46  4:18  Observer (Chrono Boost)  
  46  4:23  Pylon  
  48  4:30  Probe  
  49  4:32  Gateway x2  
  45  4:39  Probe  
  45  4:40  Adept  
  48  4:48  Probe  
  48  4:49  Probe  
  50  4:53  Disruptor (Chrono Boost)  
  53  5:00  Probe x2  
  53  5:02  Stalker  
  57  5:09  Gateway  
  57  5:15  Gateway  
  57  5:17  Pylon  
  57  5:20  Probe  
  58  5:21  Probe  
  59  5:29  Stalker  
  59  5:32  Probe  
  59  5:33  Probe  
  63  5:39  Stalker  
  65  5:44  Probe x2  
  65  5:47  Disruptor (Chrono Boost)  
  70  5:57  Pylon  
  70  5:59  Twilight Council  
  70  6:02  Pylon  
  70  6:04  Assimilator  
  70  6:07  Assimilator  
  70  6:14  Probe  
  70  6:15  Pylon, Probe  
  72  6:27  Probe  
  72  6:28  Probe  
  72  6:30  Disruptor (Chrono Boost)  
  73  6:34  Stalker x3  
  77  6:40  Probe  
  77  6:41  Probe  
  79  6:51  Pylon, Probe  
  79  6:52  Probe  
  79  6:53  Nexus  
  81  6:54  Pylon  
  81  7:03  Stalker x2, Probe  
  81  7:04  Probe  
  87  7:10  Disruptor (Chrono Boost)  
  90  7:16  Blink (Chrono Boost), Probe  
  90  7:23  Stalker  
  92  7:33  Probe  
  92  7:34  Forge  
  92  7:36  Forge  
  93  7:40  Stalker  
  95  7:46  Stalker  
  95  7:49  Disruptor (Chrono Boost)  
  98  7:59  Stalker x2  
  98  8:04  Stalker  
  102  8:09  Stalker, Probe  
  100  8:14  Probe  
  100  8:17  Probe  
  100  8:18  Stalker  
  93  8:21  Probe  
  93  8:25  Probe  
  94  8:28  Probe  
  94  8:29  Stalker  
  94  8:33  Probe  
  91  8:35  Probe  
  91  8:38  Probe  
  90  8:45  Probe  
  90  8:46  Probe  
  90  8:47  Photon Cannon  
  92  8:49  Probe  
  93  8:57  Stalker  
  93  8:59  Probe  
  96  9:09  Stalker  
  98  9:12  Stalker  
  98  9:15  Probe  
  101  9:19  Stalker, Probe  
  104  9:28  Probe  
  104  9:30  Stalker  
  105  9:42  Stalker x3  
  111  9:48  Probe  
  111  9:49  Probe x2  
  112  9:57  Disruptor  
  115  10:00  Probe  
  115  10:01  Probe  
  115  10:14  Stalker  
  115  10:16  Stalker  
  115  10:20  Probe  
  102  10:44  Stalker x4  
  102  10:45  Stalker  
Tags
 
Add a new tag
Caveats
  • Supply blocks, unpowered buildings, or Contaminate may cause inaccurate times.
  • Supply counts are checked every 10 seconds.